 Dungeon Crawl Stone Soup version 0.31-a0-202-g547052bce9 (webtiles) character file.

Game seed: 6275610159869038978

175 qw the Skirmisher (level 5, -4/29 HPs)
             Began as a Deep Elf Hunter on June 26, 2023.
             Slain by a gnoll
             ... wielding a +0 halberd
              (13 damage)
             ... on level 3 of the Dungeon.
             The game lasted 00:00:51 (2128 turns).

qw the Skirmisher (Deep Elf Hunter)                 Turns: 2128, Time: 00:00:51

Health: -4/29      AC:  9    Str: 10    XL:     5   Next: 29%
Magic:  7/7        EV: 12    Int: 14    God:
Gold:   127        SH:  0    Dex: 18    Spells: 4/4 levels left

rFire   + . .        Y - +0 shortbow
rCold   . . .        (shield currently unavailable)
rNeg    . . .        n - +1 leather armour {rF+}
rPois   .            d - +2 helmet
rElec   .            (no cloak)
rCorr   .            (no gloves)
SInv    .            g - +1 pair of boots
Will    +....        (no amulet)
Stlth   ++           m - ring of willpower
HPRegen 0.24/turn    (no ring)
MPRegen 0.10/turn

%: no passive effects
@: no status effects
A: no striking features
a: no special abilities


You were on level 3 of the Dungeon.
You visited 1 branch of the dungeon, and saw 3 of its levels.

You collected 127 gold pieces.


   Skills:
 - Level 1.5 Fighting
 + Level 8.8 Ranged Weapons
 - Level 2.4 Dodging
 - Level 1.2 Stealth


You had 4 spell levels left.
You didn't know any spells.
Your spell library was empty.

Inventory:

Hand Weapons
 Y - a +0 shortbow (weapon)
Armour
 c - a +0 ring mail
 d - a +2 helmet (worn)
 g - a +1 pair of boots (worn)
 n - a +1 leather armour of fire resistance (worn)
Jewellery
 b - a ring of ice
 m - a ring of willpower (left hand)
Scrolls
 a - 2 scrolls of teleportation
 e - a scroll of revelation {unknown}
 l - 3 scrolls of identify
Potions
 f - a potion of attraction {unknown}
 h - a potion of might {unknown}
 i - a potion of curing
 j - a potion of cancellation
 k - a potion of haste {unknown}
 o - a potion of heal wounds {unknown}
 p - 2 potions of degeneration {unknown}

Dungeon Overview and Level Annotations

Branches:
Dungeon (3/15)

Altars:

Shops:
D:1 (


Message History

Enter note:
Enter note:
Enter note:
Enter note:
2120 ||| FLEEEEING.
Enter note:
Enter note:
Enter note:
Enter note:
Enter note:
Enter note:
Enter note:
Enter note:
2121 ||| FLEEEEING.
Natasha, Servant of Life and Death comes into view.
Enter note:
Enter note:
Enter note:
Enter note:
Enter note:
Enter note:
Enter note:
Enter note: You shoot an arrow.
Natasha hisses angrily.
The arrow hits Natasha!
Natasha is heavily wounded.
2123 ||| FLEEEEING.
You shoot an arrow. The arrow closely misses Natasha.
You shoot an arrow. The arrow hits Natasha!
You kill Natasha!
You feel Natasha's spirit has finally been put to rest.
You shoot an arrow. The arrow hits the gnoll.
The gnoll is lightly wounded.
You shoot an arrow. The arrow hits the gnoll.
The gnoll is heavily wounded.
You shoot an arrow. The arrow hits the gnoll.
The gnoll is almost dead.
The gnoll hits you from afar with a +0 halberd!
You die...

.........).........)..#....#
.......##..#...#...#.#.....#
......###..#...#...#.#...#.##.
.............).%..............
....................%...%.....
..#........##.##.....#.....##.
###...............g........#
..............................
......####.#..##@#..###..#.##.
..#.### #.#..##!#..# ......
...........#..##.#..# #.#.##.
........##.# ....#..# .#.#
..#.##..##.# .......#
....##..##.#..##.....
....##..##.#....##..#
..####........... ..#
#..##.#..#


You could see a gnoll.

Vanquished Creatures
  Jessica (D:3)
  Natasha (thrice) (D:3)
  A gnoll (D:3)
  An adder (D:2)
  A worm (D:3)
  A dart slug (D:1)
  An orc (D:3)
  8 endoplasms
  2 giant cockroaches
  2 goblins
  3 hobgoblins
  7 kobolds
  4 quokkas
  4 ball pythons
  6 bats
  4 frilled lizards
  4 rats
53 creatures vanquished.

Notes
Turn   | Place    | Note
-------+----------+-------------------------------------------
     0 | D:1      | qw the Deep Elf Hunter began the quest for the Orb.
     0 | D:1      | Reached XP level 1. HP: 12/12 MP: 3/3
     0 | D:1      | 0 ||| qw: Version: 0.3-a-22-g0ed2b0b
     0 | D:1      | 0 ||| qw: Game counter: 5941
     0 | D:1      | 0 ||| qw: Melee chars always use a shield: true
     0 | D:1      | 0 ||| qw: God list: Okawaru
     0 | D:1      | 0 ||| qw: Allow faded altars: false
     0 | D:1      | 0 ||| qw: Do Orc after clearing Dungeon:15 true
     0 | D:1      | 0 ||| qw: Do second Lair branch before Depths: true
     0 | D:1      | 0 ||| qw: Lair rune preference: random
     0 | D:1      | 0 ||| qw: Goals: Normal
     0 | D:1      | 0 ||| PLANNING D:1-11
    16 | D:1      | Found a faded altar of an unknown god.
   175 | D:1      | Reached XP level 2. HP: 16/16 MP: 4/4
   207 | D:1      | Reached skill level 6 in Ranged Weapons
   521 | D:1      | Found Gyigis's Weapon Boutique.
   872 | D:1      | 872 ||| UPGRADING to +2 helmet.
   877 | D:1      | 877 ||| UPGRADING to +0 pair of boots.
   882 | D:1      | 882 ||| UPGRADING to +1 leather armour of fire resistance.
   892 | D:1      | 892 ||| DROPPING +0 leather armour.
   893 | D:1      | 893 ||| UPGRADING to ring of willpower.
   894 | D:1      | 894 ||| READING 4 scrolls labelled JIECZU LOHE.
   899 | D:1      | 899 ||| READING scroll labelled ZAPSAC AWUFEA.
   900 | D:1      | 900 ||| READING 2 scrolls labelled LOZICA VUGU.
   901 | D:1      | 901 ||| READING scroll of enchant armour.
   901 | D:1      | 901 ||| ENCHANTING +0 pair of boots.
   902 | D:1      | 902 ||| READING 2 scrolls labelled RUOTAENUORPH.
   903 | D:1      | 903 ||| DRINKING 2 purple potions.
   904 | D:1      | 904 ||| DRINKING 2 viscous red potions.
   905 | D:1      | 905 ||| DROPPING scroll of butterflies.
  1152 | D:2      | Reached XP level 3. HP: 20/20 MP: 5/5
  1221 | D:2      | 1221 ||| DROPPING +1 antimagic sling.
  1516 | D:2      | Reached skill level 7 in Ranged Weapons
  1657 | D:2      | 1657 ||| READING scroll labelled VETAUTW YGUAMM.
  1758 | D:2      | 1758 ||| READING scroll labelled BUHUTE ANUDIM.
  1759 | D:2      | 1759 ||| READING 2 scrolls of identify.
  1759 | D:2      | 1759 ||| IDENTIFYING metallic sapphire potion
  1760 | D:2      | 1760 ||| DROPPING potion of brilliance.
  1921 | D:3      | Noticed Natasha
  1931 | D:3      | Killed Natasha
  1932 | D:3      | Reached XP level 4. HP: 15/25 MP: 6/6
  2043 | D:3      | Noticed Jessica
  2049 | D:3      | Killed Jessica
  2050 | D:3      | Reached skill level 8 in Ranged Weapons
  2062 | D:3      | Noticed Natasha
  2068 | D:3      | Killed Natasha
  2069 | D:3      | Reached XP level 5. HP: 29/29 MP: 7/7
  2093 | D:3      | HP: 7/29 [gnoll/+0 halberd (5)]
  2094 | D:3      | 2094 ||| READING 3 scrolls of teleportation.
  2094 | D:3      | HP: 1/29 [gnoll/+0 club (5)]
  2117 | D:3      | 2117 ||| FLEEEEING.
  2118 | D:3      | 2118 ||| FLEEEEING.
  2119 | D:3      | 2119 ||| FLEEEEING.
  2120 | D:3      | 2120 ||| FLEEEEING.
  2121 | D:3      | 2121 ||| FLEEEEING.
  2121 | D:3      | Noticed Natasha
  2123 | D:3      | 2123 ||| FLEEEEING.
  2125 | D:3      | Killed Natasha
  2128 | D:3      | Slain by a gnoll

Levels and vault maps discovered:
D:1:      dpeg_arrival_rooms_b, layout_basic,
          hellmonk_ecumenical_altar_slurped_away, serial_shops,
          nicolae_square_shop
D:2:      layout_basic
D:3:      layout_basic, uniq_grinder, uniq_natasha, uniq_jessica

Skill      XL: |  1  2  3  4 |
---------------+-------------+-----
Ranged Weapons | 6 7 8 |  8.8
Fighting       | |  1.5
Dodging        | |  2.4
Stealth        | |  1.2

Action                     |  1- 3 |  4- 6 || total
---------------------------+-------+-------++-------
   Fire: Shortbow          |   137 |    41 ||   178
    Use: Scroll            |     8 |     1 ||     9
         Potion            |     2 |       ||     2
 Armour: Leather armour    |    18 |     5 ||    23
  Dodge: Dodged            |    25 |    13 ||    38

Table legend:
 A = Non-vault XP
 B = Vault XP
 C = Vault XP percentage of total XP
 D = Non-vault monster count
 E = Vault monster count
 F = Vault count percentage of total count
                 A         B        C        D         E       F
            +---------+---------+-------+---------+---------+-------
      Total |     176 |      74 |  29.6 |      50 |       3 |   5.7
            +---------+---------+-------+---------+---------+-------
        D:1 |      29 |       2 |   6.5 |      16 |       1 |   5.9
        D:2 |      41 |       0 |   0.0 |      19 |       0 |   0.0
        D:3 |     106 |      72 |  40.4 |      15 |       2 |  11.8
            +---------+---------+-------+---------+---------+-------
